AoeStats
← aDT_The Night Panda

Arabia

504515184Analyzed
2v2 RM · 27d ago on Sep 5, 2026· 24m 10s· 4 players
Game mode
Random Map
Map size
Medium (4 player)
Population
200
Speed
Normal
Resources
Standard
Victory
Conquest
Starting age
Dark Age
Ending age
Imperial Age
RankedLock teamsTeams togetherTeam positionsShared explorationLock speedFull tech treeHidden civsTurbo modeCheats
Victory
Defeat
🇩🇰 Japanese · Denmark
1910
+4
🇩🇰 Dravidians · Denmark
1748
+8
🇪🇸 Jurchens · Spain
1626
-7
🇪🇸 Berbers · Spain
1548
-5
DK | Good_luck
5:52 Loom
8:53 Feudal Age
9:29 Double-Bit Axe
14:58 Wheelbarrow
14:42 Horse Collar
20:41 Castle Age
20:31 Scale Barding Armor
20:37 Bloodlines
aDT_The Night Panda
6:41 Loom
8:46 Feudal Age
10:33 Double-Bit Axe
12:24 Town Watch
12:45 Fletching
19:39 Wheelbarrow
19:13 Padded Archer Armor
23:00 Castle Age
20:59 Horse Collar
23:03 Crossbowman
23:38 Bodkin Arrow
24:05 Leather Archer Armor
24:08 Bow Saw
DS_Maulet
8:30 Feudal Age
6:46 Loom
9:24 Double-Bit Axe
9:30 Horse Collar
16:06 Forging
17:05 Scale Barding Armor
18:27 Bloodlines
19:59 Wheelbarrow
23:34 Castle Age
22:08 Gold Mining
24:50 Iron Casting
24:29 Bow Saw
pau795
6:03 Loom
9:34 Feudal Age
10:04 Double-Bit Axe
10:13 Horse Collar
19:53 Fletching
22:18 Padded Archer Armor
Connection lost

Rejoining the realm…

Still unreachable

The connection could not be restored.

Session expired

The server has moved on; the page needs a fresh start.